 Dungeon Crawl Stone Soup version 0.28-a0-1382-g92835e5c71 (webtiles) character file.

Game seed: 13279381929651133680

6801 fragbeetle the Carver (level 11, -11/87 HPs)
             Began as a Gnoll Cinder Acolyte on Jan 2, 2022.
             Was a High Priest of Ignis.
             Killed from afar by Erica (16 damage)
             ... with a lance of force
             ... on level 8 of the Dungeon.
             The game lasted 00:49:28 (8858 turns).

fragbeetle the Carver (Gnoll Cinder Acolyte)        Turns: 8858, Time: 00:49:29

Health: -11/87     AC:  9    Str: 25    XL:     11   Next: 5%
Magic:  20/20      EV: 13    Int: 15    God:    Ignis [*****.]
Gold:   429        SH:  0    Dex:  9    Spells: 10/23 levels left

rFire   + . .      SeeInvis .   a - +6 scimitar of Wuss {vorpal, Str+4}
rCold   . . .      Faith    .   (no shield)
rNeg    . . .      Spirit   .   d - +0 leather armour
rPois   .          Reflect  .   (no helmet)
rElec   .          Harm     .   (no cloak)
rCorr   .          Rampage  .   (no gloves)
Will    .....                   M - +0 pair of boots of Saupsoyr {Str+4 Dex+2}
Stlth   +++.......              H - amulet of regeneration
HPRegen 1.04/turn               n - +4 ring of protection
MPRegen 0.17/turn               (no ring)

@: lethally poisoned (-11 -> -14), slowed, studying Short Blades, very slow
A: fangs 1, strong nose, distributed training
a: Renounce Religion, Fiery Armour, Foxfire Swarm, Rising Flame


You were on level 8 of the Dungeon.
You worshipped Ignis.
Ignis was extremely pleased with you.
You visited 2 branches of the dungeon, and saw 10 of its levels.

You collected 429 gold pieces.

Inventory:

Hand Weapons
 a - the +6 scimitar of Wuss (weapon) {vorpal, Str+4}
   (You took it off an orc wizard on level 7 of the Dungeon)

   It inflicts extra damage upon your enemies.
   Str:       It affects your strength (+4).
 b - a +0 hunting sling
 G - a +0 flail of protection
 K - a -1 falchion of flaming
 Q - a +0 halberd of flaming
 R - a +1 dagger of chaos
Missiles
 g - 5 poisoned darts (quivered)
 E - 34 sling bullets
 T - 7 boomerangs
Armour
 d - a +0 leather armour (worn)
 s - a +0 kite shield of protection
 M - the +0 pair of boots of Saupsoyr (worn) {Str+4 Dex+2}
   (You found it on level 7 of the Dungeon)

   Str:       It affects your strength (+4).
   Dex:       It affects your dexterity (+2).
 X - a +2 pair of boots
Magical Staves
 V - a staff of death
Jewellery
 n - a +4 ring of protection (left hand)
 v - a +4 ring of evasion
 H - an amulet of regeneration (around neck)
 J - a ring of the Octopus King {Fly AC+1 EV+1 Str+1 Int+1 Dex+1}
   (You took it off an orc wizard on level 7 of the Dungeon)

   [ring of flight]

   AC:        It affects your AC (+1).
   EV:        It affects your evasion (+1).
   Str:       It affects your strength (+1).
   Int:       It affects your intelligence (+1).
   Dex:       It affects your dexterity (+1).
   Fly:       It grants you flight.
 N - an amulet of guardian spirit
Wands
 B - a wand of acid (2)
 F - a wand of mindburst (12)
 S - a wand of flame (27)
Scrolls
 h - 3 scrolls of vulnerability {unknown}
 j - 3 scrolls of noise {unknown}
 k - a scroll of fear {unknown}
 l - 5 scrolls of enchant armour
 m - a scroll of holy word {unknown}
 p - 2 scrolls of immolation
 r - 3 scrolls of acquirement {unknown}
 t - 2 scrolls of amnesia {unknown}
 w - a scroll of silence {unknown}
 x - a scroll of brand weapon {unknown}
 A - a scroll of blinking {unknown}
 C - a scroll of enchant weapon {unknown}
 I - a scroll of fog {unknown}
 L - 2 scrolls of magic mapping {unknown}
Potions
 c - a potion of mutation {unknown}
 e - 2 potions of heal wounds
 f - 2 potions of berserk rage {unknown}
 i - 4 potions of curing
 o - 2 potions of flight {unknown}
 q - 2 potions of brilliance
 z - a potion of might {unknown}
 D - a potion of resistance {unknown}
 P - 2 potions of invisibility {unknown}
 U - a potion of degeneration {unknown}
 W - a potion of ambrosia {unknown}
Miscellaneous
 O - a phantom mirror


   Skills:
 + Level 8.9 Fighting
 + Level 7.2 Short Blades
 + Level 8.9 Long Blades
 + Level 5.9 Axes
 + Level 5.9 Maces & Flails
 + Level 5.9 Polearms
 + Level 5.9 Staves
 + Level 5.9 Slings
 + Level 5.9 Bows
 + Level 5.9 Crossbows
 + Level 5.9 Throwing
 + Level 5.9 Armour
 + Level 5.9 Dodging
 + Level 5.9 Stealth
 + Level 5.9 Shields
 + Level 5.9 Unarmed Combat
 + Level 6.6 Spellcasting
 + Level 4.8 Conjurations
 + Level 4.8 Hexes
 + Level 4.8 Summonings
 + Level 4.8 Necromancy
 + Level 4.8 Translocations
 + Level 4.8 Transmutations
 + Level 7.4 Fire Magic
 + Level 4.8 Ice Magic
 + Level 4.8 Air Magic
 + Level 4.8 Earth Magic
 + Level 4.8 Poison Magic
 + Level 6.4 Invocations
 + Level 5.9 Evocations


You had 10 spell levels left.
You knew the following spells:

 Your Spells              Type           Power      Damage    Failure   Level
a - Scorch                Fire           54%        2d7       1%          2
b - Conjure Flame         Conj/Fire      23%        6-21      3%          3
c - Passwall              Tmut/Erth      15%        N/A       3%          2
d - Olgreb's Toxic Radia  Pois           19%        N/A       21%         4
e - Poisonous Vapours     Pois/Air       38%        N/A       3%          2

Your spell library contained the following spells:

 Spells                   Type           Power      Damage    Failure   Level
 Sting                    Tmut/Pois      76%        1d6       1%          1
 Ensorcelled Hibernation  Hex/Ice        38%        N/A       3%          2
 Ignite Poison            Fire/Tmut/Pois 22%        N/A       4%          3
 Spider Form              Tmut/Pois      19%        N/A       6%          3
 Sticky Flame             Conj/Fire      23%        2d4       12%         4
 Animate Armour           Summ/Erth      38%        N/A       21%         4
 Petrify                  Tmut/Erth      19%        N/A       21%         4
 Statue Form              Tmut/Erth      12%        N/A       97%         6


Dungeon Overview and Level Annotations

Branches:
Dungeon (9/15)             Temple (1/1) D:6
   Lair: D:8-11         Orc: D:9-12

Altars:
Trog

Shops:
D:5 *

Annotations:
D:4 Sigmund
D:6 2 transporters, browni3141's ghost, novice OpVM
D:8 Erica
D:9 Erolcha


Innate Abilities, Weirdness & Mutations

You have very sharp teeth.
Your uncanny sense of smell can sniff out nearby items.
Your experience applies equally to all skills.


Message History

There is a stone staircase leading down, spattered with blood here.
Throw: 6 darts (poison)
Press: ? - help, Shift-Dir - straight line You throw a poisoned dart.
You feel yourself slow down.
You hear some strange, mumbled words.
A bolt of poison appears from out of thin air!
The bolt of poison hits you!!
You are poisoned.
You feel very sick.
You feel very sick.
You feel sick.
You feel sick.
You hear some strange, mumbled words.
A bolt of poison appears from out of thin air!
The bolt of poison hits you!!!
You are more poisoned.
* * * LOW HITPOINT WARNING * * *
You feel better.
You hear some strange, mumbled words.
A bolt of poison appears from out of thin air!
The bolt of poison misses you. Something hits you.
You barely miss something. Your bite misses something. Something hits you!
* * * LOW HITPOINT WARNING * * *
Something burns you.
* * * LOW HITPOINT WARNING * * *
You feel much better. Something hits you! Something burns you.
Something hits you.
* * * LOW HITPOINT WARNING * * *
You hear some strange, mumbled words.
A bolt of poison appears from out of thin air!
The bolt of poison hits you!
You are poisoned.
* * * LOW HITPOINT WARNING * * *
* * * LOW HITPOINT WARNING * * *
You feel very sick. Erica gestures at you while chanting.
The lance of force hits you!
You die...

#........#.######..........
######.####.# ##...........
######..<...###..# #............
.................####.#.....)...[
......##########.##..(...[..<[...
......# ##.##).####........
####### #####..@.)## ##.......
##......#.## ######.#
###..####@#.# #.# ##...## #...#
#.# #..### #..## #.# ##(## ####
#.# ######รท># #.# .......## #.#
.......# #.# ......## #.#
......####################### #.#


You could see Erica.

Vanquished Creatures
  A gargoyle (D:7)
  Psyche (D:7)
  A hornet (D:8)
  Grinder (D:5)
  A slime creature (D:7)
  14 yaks
  2 wyverns (D:7)
  A shadow (D:7)
  Grum (D:8)
  A vampire mosquito (D:7)
  Duvessa (D:5)
  An acid dragon (D:8)
  4 water moccasins
  An orc warrior (D:7)
  An ice beast (D:7)
  2 necrophages
  3 ogres
  2 wolves (D:7)
  A phantom (D:4)
  A centaur (D:3)
  A kobold brigand (D:8)
  A bullfrog (D:7)
  4 scorpions
  A wyvern zombie (D:5)
  A water moccasin skeleton (D:4)
  Dowan (D:5)
  4 wights (D:7)
  2 howler monkeys
  2 centaur zombies
  A centaur skeleton (D:7)
  2 hounds
  2 jellies
  4 orc priests
  An iguana (D:5)
  2 orc wizards
  A hound zombie (D:5)
  A howler monkey zombie (D:9)
  7 gnolls
  7 adders
  A shadow imp (D:7)
  5 white imps
  An ufetubus (D:5)
  2 dart slugs
  25 orcs
  8 ball pythons
  6 bats
  4 endoplasms
  7 goblins
  10 hobgoblins
  2 quokkas
  4 frilled lizards
  13 kobolds
  9 rats
183 creatures vanquished.

Notes
Turn   | Place    | Note
-------+----------+-------------------------------------------
     0 | D:1      | fragbeetle the Gnoll Cinder Acolyte began the quest for the
                  | Orb.
     0 | D:1      | Reached XP level 1. HP: 23/23 MP: 4/4
   432 | D:1      | Reached XP level 2. HP: 25/29 MP: 5/5
   568 | D:1      | Learned a level 2 spell: Scorch
   689 | D:1      | Found a faded altar of an unknown god.
  1436 | D:2      | Reached XP level 3. HP: 29/35 MP: 7/7
  1496 | D:2      | Reached skill level 1 in Invocations
  1668 | D:2      | Reached skill level 1 in Short Blades
  1668 | D:2      | Reached skill level 1 in Axes
  1668 | D:2      | Reached skill level 1 in Maces & Flails
  1668 | D:2      | Reached skill level 1 in Polearms
  1668 | D:2      | Reached skill level 1 in Staves
  1668 | D:2      | Reached skill level 1 in Slings
  1668 | D:2      | Reached skill level 1 in Bows
  1668 | D:2      | Reached skill level 1 in Crossbows
  1668 | D:2      | Reached skill level 1 in Throwing
  1668 | D:2      | Reached skill level 1 in Armour
  1668 | D:2      | Reached skill level 1 in Dodging
  1668 | D:2      | Reached skill level 1 in Stealth
  1668 | D:2      | Reached skill level 1 in Shields
  1668 | D:2      | Reached skill level 1 in Unarmed Combat
  1668 | D:2      | Reached skill level 1 in Evocations
  2067 | D:2      | Reached XP level 4. HP: 40/41 MP: 8/8
  2127 | D:3      | Noticed a centaur
  2132 | D:3      | Killed a centaur
  2133 | D:3      | Reached skill level 1 in Conjurations
  2133 | D:3      | Reached skill level 1 in Hexes
  2133 | D:3      | Reached skill level 1 in Summonings
  2133 | D:3      | Reached skill level 1 in Necromancy
  2133 | D:3      | Reached skill level 1 in Translocations
  2133 | D:3      | Reached skill level 1 in Transmutations
  2133 | D:3      | Reached skill level 1 in Ice Magic
  2133 | D:3      | Reached skill level 1 in Air Magic
  2133 | D:3      | Reached skill level 1 in Earth Magic
  2133 | D:3      | Reached skill level 1 in Poison Magic
  2133 | D:3      | Reached XP level 5. HP: 34/47 MP: 0/9
  2619 | D:3      | Found a bloodstained altar of Trog.
  2747 | D:3      | Learned a level 3 spell: Conjure Flame
  2826 | D:3      | Noticed a necrophage
  2839 | D:3      | Killed a necrophage
  2840 | D:3      | Reached XP level 6. HP: 48/53 MP: 4/11
  3030 | D:4      | Noticed Sigmund
  3321 | D:4      | Reached XP level 7. HP: 57/59 MP: 3/12
  3471 | D:5      | Entered Level 5 of the Dungeon
  3619 | D:5      | Found Heokkuto's Elemental Accessories.
  4017 | D:5      | Noticed Grinder
  4024 | D:5      | Killed Grinder
  4025 | D:5      | Reached XP level 8. HP: 56/67 MP: 1/14
  4265 | D:5      | Noticed Dowan
  4555 | D:5      | Noticed Duvessa
  4560 | D:5      | Killed Duvessa
  4569 | D:5      | Killed Dowan
  4902 | D:6      | Found a transporter.
  4902 | D:6      | Noticed browni3141's ghost (novice OpVM)
  4910 | D:6      | Found a transporter.
  5002 | D:6      | Found a staircase to the Ecumenical Temple.
  5025 | Temple   | Entered the Ecumenical Temple
  5072 | D:6      | Got the Collected Works on Earth
  5084 | D:6      | Learned a level 2 spell: Passwall
  5644 | D:7      | Noticed a wyvern
  5646 | D:7      | Noticed a wyvern
  5647 | D:7      | Killed a wyvern
  5652 | D:7      | Killed a wyvern
  5653 | D:7      | Reached XP level 9. HP: 36/73 MP: 12/16
  5819 | D:7      | Reached skill level 5 in Spellcasting
  6350 | D:7      | Identified the +6 scimitar of Wuss {vorpal, Str+4}
  6350 | D:7      | Found the ring of the Octopus King {Fly AC+1 EV+1 Str+1
                  | Int+1 Dex+1}
  6397 | D:7      | Reached skill level 5 in Invocations
  6440 | D:7      | Reached skill level 5 in Short Blades
  6479 | D:7      | Noticed a cyclops
  6479 | D:7      | Noticed a gargoyle
  6544 | D:7      | Noticed a green ugly thing
  6780 | D:7      | Identified the +0 pair of boots of Saupsoyr {Str+4 Dex+2}
  6888 | D:8      | Noticed Grum
  6899 | D:7      | Reached XP level 10. HP: 58/80 MP: 12/18
  7300 | D:7      | Killed a gargoyle
  7301 | D:7      | Reached skill level 5 in Axes
  7301 | D:7      | Reached skill level 5 in Maces & Flails
  7301 | D:7      | Reached skill level 5 in Polearms
  7301 | D:7      | Reached skill level 5 in Staves
  7301 | D:7      | Reached skill level 5 in Slings
  7301 | D:7      | Reached skill level 5 in Bows
  7301 | D:7      | Reached skill level 5 in Crossbows
  7301 | D:7      | Reached skill level 5 in Throwing
  7301 | D:7      | Reached skill level 5 in Armour
  7301 | D:7      | Reached skill level 5 in Dodging
  7301 | D:7      | Reached skill level 5 in Stealth
  7301 | D:7      | Reached skill level 5 in Shields
  7301 | D:7      | Reached skill level 5 in Unarmed Combat
  7301 | D:7      | Reached skill level 5 in Evocations
  7358 | D:8      | Killed Grum
  7441 | D:8      | Noticed Psyche
  7477 | D:7      | Killed Psyche
  7631 | D:8      | Learned a level 4 spell: Olgreb's Toxic Radiance
  7703 | D:8      | Noticed Erica
  8369 | D:9      | Reached XP level 11. HP: 75/87 MP: 14/20
  8514 | D:9      | Noticed Erolcha
  8716 | D:9      | Noticed a seven-headed hydra
  8719 | D:9      | Noticed a rakshasa
  8768 | D:8      | Learned a level 2 spell: Poisonous Vapours
  8858 | D:8      | Killed from afar by Erica

Illustrated notes

Levels and vault maps discovered:
D:1:      sevenhm_arrival_forest_fort_large_4, layout_basic,
          ebering_ecumenical_altar_mist, minmay_pentomino_t4
D:2:      layout_basic
D:3:      layout_loops_ring, lemuel_coloured_pillars_altar
D:4:      layout_rooms, uniq_sigmund
D:5:      layout_loops_corners, minmay_misc_feat_more_columns,
          nicolae_elemental_shop, kennysheep_generic_room_3, uniq_grinder,
          uniq_duvessa
D:6:      layout_basic, minmay_temple_entry_junction, gammafunk_ghost_arena,
          hangedman_decor_points
D:7:      minmay_the_grid_octo_tiled_squarecenter
          [minmay_the_grid_octo_odd_swirl, minmay_the_grid_octo_checkered,
          minmay_the_grid_octo_empty, minmay_the_grid_octo_focus,
          minmay_the_grid_square_5x5_megaprize_crossed,
          minmay_the_grid_square_5x5_seven, minmay_the_grid_square_5x5_two,
          minmay_the_grid_square_5x5_almost_minimal,
          minmay_the_grid_square_5x5_minimal], layout_basic, minmay_manual_mess
D:8:      layout_rooms, uniq_erica, uniq_psyche, uniq_grum
D:9:      layout_cave_pods, minivault_20, uniq_erolcha
Temple:   mainiacjoe_temple_trianglar_array

Skill      XL: |  1  2  3  4  5  6  7  8  9 10 |
---------------+-------------------------------+-----
Invocations    | 1 2 3 4 5 6 |  6.4
Short Blades   | 1 2 3 5 7 |  7.2
Axes           | 1 2 3 4 5 |  5.9
Maces & Flails | 1 2 3 4 5 |  5.9
Polearms       | 1 2 3 4 5 |  5.9
Staves         | 1 2 3 4 5 |  5.9
Slings         | 1 2 3 4 5 |  5.9
Bows           | 1 2 3 4 5 |  5.9
Crossbows      | 1 2 3 4 5 |  5.9
Throwing       | 1 2 3 4 5 |  5.9
Armour         | 1 2 3 4 5 |  5.9
Dodging        | 1 2 3 4 5 |  5.9
Stealth        | 1 2 3 4 5 |  5.9
Shields        | 1 2 3 4 5 |  5.9
Unarmed Combat | 1 2 3 4 5 |  5.9
Evocations     | 1 2 3 4 5 |  5.9
Spellcasting   | 3 4 5 6 |  6.6
Conjurations   | 1 2 3 4 |  4.8
Hexes          | 1 2 3 4 |  4.8
Summonings     | 1 2 3 4 |  4.8
Necromancy     | 1 2 3 4 |  4.8
Translocations | 1 2 3 4 |  4.8
Transmutations | 1 2 3 4 |  4.8
Ice Magic      | 1 2 3 4 |  4.8
Air Magic      | 1 2 3 4 |  4.8
Earth Magic    | 1 2 3 4 |  4.8
Poison Magic   | 1 2 3 4 |  4.8
Fighting       | 7 8 |  8.9
Long Blades    | 7 8 |  8.9
Fire Magic     | 6 7 |  7.4

Action                   |  1- 3 |  4- 6 |  7- 9 | 10-12 || total
-------------------------+-------+-------+-------+-------++-------
Melee: Falchion          |   102 |    98 |   149 |       ||   349
       Bite              |     4 |     6 |    15 |     5 ||    30
       Punch             |       |     1 |     2 |       ||     3
       Scimitar          |       |       |    26 |    45 ||    71
 Fire: Hunting sling     |     1 |     5 |    30 |    24 ||    60
Throw: Dart              |       |       |     3 |    57 ||    60
 Cast: Scorch            |     9 |    15 |    73 |    52 ||   149
       Conjure Flame     |       |       |       |    11 ||    11
       Poisonous Vapours |       |       |       |     2 ||     2
Evoke: Wand              |       |       |    13 |     4 ||    17
  Use: Scroll            |       |       |     8 |     1 ||     9
       Potion            |       |       |       |     2 ||     2
 Stab: Sleeping          |       |       |     2 |       ||     2
Armor: Leather armour    |    33 |    46 |    97 |    20 ||   196
Dodge: Dodged            |    50 |    35 |   116 |    63 ||   264
Block: Kite shield       |     3 |    15 |       |       ||    18

Table legend: (Time is in decaauts)
 A = Elapsed time spent in this place.
 B = Non-inter-level travel time spent in this place.
 C = Inter-level travel time spent in this place.
 D = Time resting spent in this place.
 E = Time spent auto-exploring this place.
 F = Levels seen in this place.
 G = Mean time per level.
                   A        B        C        D        E       F      G
               +--------+--------+--------+--------+--------+-----+--------+
         Total |   8833 |   8608 |    225 |    821 |   2438 |  10 |  883.3 |
       Dungeon |   8811 |   8586 |    225 |    821 |   2438 |   9 |  979.0 |
        Temple |     22 |     22 |      0 |      0 |      0 |   1 |   22.0 |
               +--------+--------+--------+--------+--------+-----+--------+

Top non-repeatable levels by time:
     D:7: 1649 daAuts
     D:1: 1404 daAuts
     D:5: 1353 daAuts
     D:3: 1013 daAuts
     D:8: 857 daAuts
     D:6: 813 daAuts
     D:2: 714 daAuts
     D:9: 639 daAuts
     D:4: 364 daAuts
  Temple: 22 daAuts
